 Dungeon Crawl Stone Soup version 0.21.0-25-ge575cb9ce8 (webtiles) character file.

182 MalkierKing the Shield-Bearer (level 5, -7/46 HPs)
             Began as a Minotaur Fighter on Jan 26, 2018.
             Killed from afar by Ijyb (19 damage)
             ... with a wand of acid (4)
             ... on level 3 of the Dungeon.
             The game lasted 00:08:44 (2602 turns).

MalkierKing the Shield-Bearer (Minotaur Fighter)    Turns: 2602, Time: 00:08:44

Health: -7/46      AC:  4    Str: 21    XL:     5   Next: 35%
Magic:  4/4        EV:  8    Int:  3    God:
Gold:   127        SH: 10    Dex: 10    Spells: 4/4 levels left

rFire    . . .     SeeInvis .   a - +0 war axe
rCold    . . .     Gourm    .   c - +0 shield
rNeg     . . .     Faith    .   b - +0 scale mail
rPois    .         Spirit   .   (helmet restricted)
rElec    .         Reflect  .   (no cloak)
rCorr    .         Harm     .   (no gloves)
MR       .....                  g - +0 pair of boots (curse)
Stlth    ..........             p - amulet of magic regeneration
HPRegen  0.15/turn              h - -2 ring of intelligence (curse)
MPRegen  0.34/turn              (no ring)

@: corroded
A: retaliatory headbutt, horns 2
a: no special abilities


You were on level 3 of the Dungeon.
You were not hungry.

You visited 1 branch of the dungeon, and saw 3 of its levels.

You collected 127 gold pieces.

Inventory:

Hand Weapons
 a - a +0 war axe (weapon)
Armour
 b - a +0 scale mail (worn)
 c - a +0 shield (worn)
 g - a cursed +0 pair of boots (worn)
Jewellery
 h - a cursed -2 ring of intelligence (left hand)
 p - an amulet of magic regeneration (around neck)
Scrolls
 j - a scroll of identify
 n - a scroll of fog {unknown}
 o - a scroll of remove curse {unknown}
Potions
 d - 2 potions of might
 e - a potion of cancellation
 i - a potion of invisibility {unknown}
 k - a potion of degeneration {unknown}
 l - a potion of flight {unknown}
Comestibles
 f - 6 rations
 m - 2 chunks of flesh


   Skills:
 + Level 4.2 Fighting
 + Level 4.0 Axes
 + Level 4.6 Armour
 + Level 1.1 Dodging
 + Level 5.2 Shields


You had 4 spell levels left.
You didn't know any spells.

Dungeon Overview and Level Annotations

Branches:
Dungeon (3/15)

Altars:

Annotations:
D:3 Ijyb


Innate Abilities, Weirdness & Mutations

You reflexively headbutt those who attack you in melee.
You have a pair of horns on your head.


Message History

Ijyb hits you with an enchanted club.
* * * LOW HITPOINT WARNING * * *
You slash Ijyb!
Ijyb is moderately wounded.
Ijyb barely misses you. You furiously retaliate!
You headbutt Ijyb, but do no damage. Ijyb hits you but does no damage.
You closely miss Ijyb.
Ijyb is moderately wounded.
Ijyb hits you with an enchanted club.
* * * LOW HITPOINT WARNING * * *
You barely miss Ijyb.
Ijyb is moderately wounded.
Ijyb hits you but does no damage.
You hit Ijyb but do no damage.
Ijyb is moderately wounded.
You block Ijyb's attack.
You closely miss Ijyb.
Ijyb is moderately wounded.
Ijyb zaps a wand.
The bolt of acid hits you!
You die...

#######.....####.
######.### ...
..##.....###...
..........#..####
............#...
...........##.#
..............#
.............#####.##.
......g@...............
......†....#...###.##.##
..........####.###.##.#.
.........## #.....##...
#..####### ##...##...#
#. ##..#..#.# #
#######....##..
#...##..##.....
#...##..####...


You could see Ijyb.

Vanquished Creatures
  An orc priest (D:3)
  5 gnolls (D:2)
  2 adders (D:3)
  2 oozes (D:1)
  2 dart slugs (D:2)
  A leopard gecko (D:1)
  4 orcs (D:3)
  6 bats
  3 giant cockroaches
  8 goblins
  7 hobgoblins
  7 jackals
  4 quokkas (D:2)
  5 frilled lizards
  4 kobolds
  8 rats
69 creatures vanquished.

Vanquished Creatures (others)
  A plant (D:2)
1 creature vanquished.

Grand Total: 70 creatures vanquished

Notes
Turn   | Place    | Note
-------+----------+-------------------------------------------
     0 | D:1      | MalkierKing the Minotaur Fighter began the quest for the Orb.
     0 | D:1      | Reached XP level 1. HP: 19/19 MP: 0/0
    43 | D:1      | Reached skill level 4 in Shields
    56 | D:1      | Reached XP level 2. HP: 27/27 MP: 1/1
   537 | D:1      | Reached XP level 3. HP: 33/33 MP: 2/2
  1433 | D:2      | Reached XP level 4. HP: 24/40 MP: 3/3
  2042 | D:3      | Reached skill level 5 in Shields
  2077 | D:3      | Reached skill level 1 in Dodging
  2323 | D:3      | Found a faded altar of an unknown god.
  2347 | D:3      | Reached XP level 5. HP: 23/46 MP: 4/4
  2592 | D:3      | Noticed Ijyb
  2602 | D:3      | Killed from afar by Ijyb

Skill      XL: |  1  2  3  4  5 |
---------------+----------------+-----
Shields        | 4 5 |  5.2
Armour         | 4 |  4.6
Axes           | 3 4 |  4.0
Fighting       | 4 |  4.2
Dodging        | 1 |  1.1

Action                   |  1- 3 |  4- 6 || total
-------------------------+-------+-------++-------
Melee: War axe           |   130 |    76 ||   206
       Headbutt          |    12 |    20 ||    32
  Use: Scroll            |       |     1 ||     1
  Eat: Chunk             |     2 |     4 ||     6
Armor: Scale mail        |    80 |    29 ||   109
Dodge: Dodged            |    39 |    21 ||    60
Block: Shield            |   107 |    37 ||   144
